Map: Crête de Lerilak

Players

PixeL - Winner!

  • Race: Zerg Zerg
  • League: Master

JuGGeRNutZ

  • Race: Zerg Zerg
  • League: Grandmaster

VOD

Have the link to the VOD?

Description

Time

  • Played on: Feb. 12, 2016, 10:20 p.m.
  • Length: 6:12
Show
View Real Time Build Order
Export as new Build Order

PixeL Zerg - Winner!

Build Orders: Pool Only 

Get SALT Encoding   

  12  0:01  Drone  
  13  0:14  Extractor  
  12  0:25  Spawning Pool  
  11  0:29  Drone  
  11  0:34  Drone  
  13  0:40  Drone  
  14  0:52  Overlord  
  14  1:12  Zergling x2  
  14  1:13  Zergling x2  
  14  1:14  Metabolic Boost  
  14  1:16  Zergling x2  
  17  1:25  Zergling x2  
  18  1:35  Baneling Nest  
  18  1:36  Zergling x2  
  18  1:47  Zergling x2  
  19  1:56  Zergling x2  
  20  2:07  Zergling x2  
  21  2:17  Overlord  
  21  2:20  Baneling x2  
  21  2:21  Baneling  
  21  2:27  Baneling  
  21  2:35  Queen  
  23  2:37  Zergling x2  
  21  2:57  Zergling x4  
  22  3:03  Zergling x2  
  21  3:13  Baneling x2  
  21  3:15  Zergling x2  
  22  3:25  Zergling x2  
  22  3:35  Zergling x2  
  23  3:42  Roach Warren  
  23  3:48  Zergling x8  
  23  3:58  Overlord  
  22  4:23  Roach x2  
  26  4:26  Roach  
  26  4:27  Roach x2  
  32  4:34  Roach  
  34  4:51  Zergling x2  
  35  4:56  Zergling x6  
  33  5:12  Baneling x2  
  33  5:13  Baneling x3  
  33  5:15  Baneling  
  33  5:21  Zergling x2  
  33  5:24  Zergling x2  
  33  5:28  Zergling x2  
Show
View Real Time Build Order
Export as new Build Order

JuGGeRNutZ Zerg 

Build Orders: Pool First, Zergling Baneling 

Get SALT Encoding   

  12  0:01  Drone  
  13  0:12  Drone  
  14  0:15  Extractor  
  14  0:17  Drone  
  14  0:33  Spawning Pool  
  13  0:35  Drone  
  14  0:46  Extractor, Drone  
  15  0:51  Overlord  
  15  1:12  Drone  
  16  1:20  Metabolic Boost  
  16  1:21  Queen  
  16  1:24  Zergling x2  
  19  1:27  Zergling x2  
  19  1:31  Zergling x2  
  21  1:39  Zergling x2  
  22  1:49  Baneling Nest  
  22  1:50  Zergling x2  
  22  1:58  Overlord  
  22  2:17  Zergling x2  
  23  2:24  Zergling x2  
  24  2:44  Baneling  
  17  2:54  Zergling x6  
  17  2:56  Hatchery  
  19  3:03  Queen  
  18  3:07  Zergling x4  
  18  3:21  Baneling x3  
  18  3:33  Zergling x4  
  19  3:50  Drone x2  
  19  3:51  Zergling x4  
  19  3:53  Baneling  
  22  4:00  Baneling  
  22  4:06  Drone  
  22  4:07  Drone  
  23  4:22  Drone  
  24  4:25  Baneling x2  
  24  4:32  Overlord  
  24  4:34  Hatchery  
  24  4:37  Drone  
  24  4:41  Baneling  
  24  4:46  Drone x2  
  25  5:03  Roach Warren  
  25  5:05  Zergling x4  
  26  5:09  Zergling x2  
  26  5:43  Roach  
  26  5:44  Roach x3  
  32  5:51  Roach  
Tags
 
Add a new tag
Caveats
  • Supply blocks, unpowered buildings, or Contaminate may cause inaccurate times.
  • Supply counts are checked every 10 seconds.